 Dungeon Crawl Stone Soup version 0.24.0-13-gcf9b319 (webtiles) character file.

Game seed: 17439751879628259222, levelgen mode: deterministic

64 Anandil the Shooter (level 3, -5/28 HPs)
             Began as a Demonspawn Hunter on Mar 21, 2020.
             Slain by Sigmund
             ... wielding a +0 scythe
              (11 damage)
             ... on level 2 of the Dungeon.
             The game lasted 00:04:19 (2022 turns).

Anandil the Shooter (Demonspawn Hunter)             Turns: 2022, Time: 00:04:19

Health: -5/28      AC:  6    Str: 13    XL:     3   Next: 91%
Magic:  3/3        EV: 12    Int: 12    God:
Gold:   60         SH:  0    Dex: 13    Spells: 2/2 levels left

rFire    . . .     SeeInvis .   b - +0 short sword (elec)
rCold    . . .     Gourm    .   (no shield)
rNeg     . . .     Faith    .   c - +0 leather armour
rPois    .         Spirit   .   (no helmet)
rElec    .         Reflect  .   (no cloak)
rCorr    .         Harm     .   q - +2 pair of gloves
MR       .....                  (no boots)
Stlth    +.........             (no amulet)
HPRegen  0.09/turn              (no ring)
MPRegen  0.08/turn              (no ring)

@: confused
A: claws 1
a: no special abilities


You were on level 2 of the Dungeon.
You were not hungry.

You visited 1 branch of the dungeon, and saw 2 of its levels.

You collected 60 gold pieces.

Inventory:

Hand Weapons
 a - a +1 shortbow
 b - a +0 short sword of electrocution (weapon)
 g - a +0 dagger
 m - a +0 short sword
Missiles
 d - 31 arrows
Armour
 c - a +0 leather armour (worn)
 q - a +2 pair of gloves (worn)
 s - a +0 chain mail
Jewellery
 l - a +2 ring of evasion {unknown}
Wands
 p - a wand of random effects (25)
Scrolls
 i - a scroll of remove curse {unknown}
 j - a scroll of identify {unknown}
 k - a scroll of fog {unknown}
Potions
 e - a potion of invisibility {unknown}
 h - a potion of flight {unknown}
 n - 3 potions of brilliance {unknown}
 o - a potion of degeneration {unknown}
Comestibles
 f - 5 rations


   Skills:
 + Level 2.9 Fighting
 + Level 4.1 Bows
 + Level 2.6 Dodging
 - Level 0.8 Stealth


You had 2 spell levels left.
You didn't know any spells.
Your spell library was empty.

Dungeon Overview and Level Annotations

Branches:
Dungeon (2/15)

Altars:
Yredelemnul

Annotations:
D:2 Sigmund


Innate Abilities, Weirdness & Mutations

You have sharp fingernails.


Message History

Sigmund is almost dead.
Sigmund hits you with a +0 scythe!
You hit Sigmund.
Sigmund is almost dead.
Sigmund points at you and mumbles some strange words.
You are confused.
You miss Sigmund.
Sigmund is almost dead.
Sigmund points at you and mumbles some strange words.
You are more confused.
You closely miss Sigmund.
Sigmund is almost dead.
Sigmund hits you with a +0 scythe.
* * * LOW HITPOINT WARNING * * *
You bump into the rock wall.
You're too confused to move!
Sigmund completely misses you.
You miss Sigmund.
Sigmund is almost dead.
Sigmund hits you with a +0 scythe!
You die...

####### #.....# ##########
##########.###.# #........#
#..........# #.####........#
####.########<###..............
#.......# #.@.).####........#
#.#####.# ###@### #........#
#.# #.#######.# #############
###.# #......##.###.# #..##
....# #.####<##.....#### #..##
.##.#####.# #.##........# #..##
.##.......# #.##.##.###.# #...#
.#####.#### #†##.##.#
#.####.... .# #.#
####.##.##.###.@.@....#


You could see Sigmund.

Vanquished Creatures
  Terence (D:2)
  A dart slug (D:1)
  A leopard gecko (D:1)
  4 giant cockroaches
  2 gnoll zombies (D:2)
  3 goblins (D:1)
  7 hobgoblins
  3 jackals (D:1)
  3 bats (D:1)
  2 frilled lizards (D:1)
  2 kobolds (D:2)
  5 rats
34 creatures vanquished.

Notes
Turn   | Place    | Note
-------+----------+-------------------------------------------
     0 | D:1      | Anandil the Demonspawn Hunter began the quest for the Orb.
     0 | D:1      | Reached XP level 1. HP: 16/16 MP: 1/1
   104 | D:1      | Gained mutation: You have sharp fingernails. [demonic
                  | ancestry]
   104 | D:1      | Reached XP level 2. HP: 22/22 MP: 2/2
   849 | D:1      | Reached XP level 3. HP: 9/28 MP: 3/3
  1662 | D:2      | Noticed Terence
  1665 | D:2      | Killed Terence
  1665 | D:2      | Reached skill level 4 in Bows
  1698 | D:2      | Found a basalt altar of Yredelemnul.
  1760 | D:2      | Noticed Sigmund
  2022 | D:2      | Slain by Sigmund

Levels and vault maps discovered:
D:1:      beargit_arrival_greenhouse, layout_loops_corners, amethyst_killhole
D:2:      layout_loops_ring, lemuel_zombie_altar_yredelemnul,
          kennysheep_generic_room_2, uniq_sigmund, uniq_terence

Skill      XL: |  1  2  3 |
---------------+----------+-----
Dodging        | 2 |  2.6
Bows           | 4 |  4.1
Fighting       | |  2.9
Stealth        | |  0.8

Action                   || total
-------------------------++-------
Melee: Short sword       ||    79
 Fire: Shortbow          ||    50
  Eat: Chunk             ||     3
Armor: Leather armour    ||    36
Dodge: Dodged            ||    61
